 Dungeon Crawl Stone Soup version 0.26-a0-264-g3a471323bd (webtiles) character file.

Game seed: 12388406671289339194

45 BritishOli the Skirmisher (level 3, 26/29 HPs)
             Began as a Demonspawn Fighter on July 11, 2020.
             Quit the game on level 2 of the Dungeon.
             The game lasted 00:00:32 (897 turns).

BritishOli the Skirmisher (Demonspawn Fighter)       Turns: 897, Time: 00:00:32

Health: 26/29      AC:  6    Str: 17    XL:     3   Next: 42%
Magic:  3/3        EV:  7    Int:  9    God:
Gold:   74         SH:  9    Dex: 12    Spells: 2/2 levels left

rFire    + . .     SeeInvis .   a - +0 long sword
rCold    . . .     Faith    .   c - +0 kite shield
rNeg     . . .     Spirit   .   b - +0 scale mail
rPois    .         Reflect  .   (no helmet)
rElec    .         Harm     .   (no cloak)
rCorr    .                      (no gloves)
MR       .....                  (no boots)
Stlth    ..........             (no amulet)
HPRegen  0.09/turn              (no ring)
MPRegen  0.08/turn              (no ring)

@: no status effects
A: fire resistance 1, spiny 1
a: no special abilities


You were on level 2 of the Dungeon.
You were not hungry.

You visited 1 branch of the dungeon, and saw 2 of its levels.

You collected 74 gold pieces.

Inventory:

Hand Weapons
 a - a +0 long sword (weapon)
Armour
 b - a +0 scale mail (worn)
 c - a +0 kite shield (worn)
Jewellery
 e - an uncursed amulet of reflection {unknown}
Scrolls
 g - 5 scrolls of identify {unknown}
 h - a scroll of enchant weapon {unknown}
 i - 4 scrolls of magic mapping {unknown}
 k - a scroll of random uselessness {unknown}
Potions
 d - a potion of might
 j - a potion of flight {unknown}
 l - a potion of lignification {unknown}
Comestibles
 f - 6 rations


   Skills:
 + Level 3.4 Fighting
 + Level 2.3 Long Blades
 + Level 3.1 Armour
 + Level 3.1 Shields


You had 2 spell levels left.
You didn't know any spells.
Your spell library was empty.

Dungeon Overview and Level Annotations

Branches:
Dungeon (2/15)

Altars:


Innate Abilities, Weirdness & Mutations

Your flesh is heat resistant. (rF+)
You are partially covered in sharp spines.


Message History

The hobgoblin is struck by your spines.
The hobgoblin hits you but does no damage.
A hobgoblin is nearby!
You closely miss the hobgoblin.
The hobgoblin is heavily wounded.
The hobgoblin hits you.
A hobgoblin is nearby!
A hobgoblin is nearby!
You barely miss the hobgoblin.
The hobgoblin is heavily wounded.
You block the hobgoblin's attack.
The hobgoblin hits you but does no damage.
A hobgoblin is nearby!
Your shield and scale mail prevent you from hitting the hobgoblin.
The hobgoblin is moderately wounded.
You block the hobgoblin's attack.
A hobgoblin is nearby!
Quiver which item? (- for none, * to show all) (? for menu, Esc to quit)
Okay, then.
Are you sure you want to abandon this character and quit the game? (Confirm with "yes".)

######### #.......#
#.......#####
#.....$.......
#.............
#$.>..............
#....g............#
#....@............#
#.................# #
#.................# .#
######............##.#
#................
#................
#.........)....).
#.........[†.....
#.....)..........


You could see a hobgoblin.

Vanquished Creatures
  Jessica (D:2)
  A worm (D:2)
  A dart slug (D:1)
  A leopard gecko (D:1)
  3 giant cockroaches
  A hobgoblin (D:1)
  A quokka (D:2)
  A frilled lizard (D:2)
  A kobold (D:2)
  4 rats (D:1)
15 creatures vanquished.

Notes
Turn   | Place    | Note
-------+----------+-------------------------------------------
     0 | D:1      | BritishOli the Demonspawn Fighter began the quest for the
                  | Orb.
     0 | D:1      | Reached XP level 1. HP: 18/18 MP: 1/1
   380 | D:1      | Gained mutation: Your flesh is heat resistant. (rF+)
                  | [demonic ancestry]
   380 | D:1      | Reached XP level 2. HP: 24/24 MP: 2/2
   801 | D:2      | Noticed Jessica
   811 | D:2      | Killed Jessica
   811 | D:2      | Gained mutation: You are partially covered in sharp spines.
                  | [demonic ancestry]
   811 | D:2      | Reached XP level 3. HP: 29/29 MP: 3/3
   897 | D:2      | Quit the game

Illustrated notes

Levels and vault maps discovered:
D:1:      nicolae_arrival_memento_mori, layout_basic, hangedman_decor_push
D:2:      layout_basic, lemuel_crystal_altar, uniq_jessica,
          uniq_crazy_yiuf_cottage

Skill      XL: |  1  2 |
---------------+-------+-----
Long Blades    | 2 |  2.3
Armour         | 3 |  3.1
Shields        | 3 |  3.1
Fighting       | |  3.4

Action                   || total
-------------------------++-------
Melee: Long sword        ||    37
Armor: Scale mail        ||    15
Dodge: Dodged            ||     5
Block: Kite shield       ||    16
       Rpst.: Long sword ||     3

Table legend:
 A = Non-vault XP
 B = Vault XP
 C = Vault XP percentage of total XP
 D = Non-vault monster count
 E = Vault monster count
 F = Vault count percentage of total count
                 A         B        C        D         E       F
            +---------+---------+-------+---------+---------+-------
      Total |      28 |      37 |  56.9 |      14 |       1 |   6.7
            +---------+---------+-------+---------+---------+-------
        D:1 |      15 |       0 |   0.0 |       8 |       0 |   0.0
        D:2 |      13 |      37 |  74.0 |       6 |       1 |  14.3
            +---------+---------+-------+---------+---------+-------
